 Dungeon Crawl Stone Soup version 0.31-a0-986-g5e6e4ef867 (webtiles) character file.

Game seed: 16122930343440729865

261 avis the Ducker (level 5, 0/22 HPs)
             Began as a Felid Artificer on Nov 9, 2023.
             Slain by Pikel
             ... wielding a +0 whip of freezing
              (12 damage)
             ... on level 5 of the Dungeon.
             The game lasted 00:22:20 (4269 turns).

avis the Ducker (Felid Artificer)                   Turns: 4269, Time: 00:22:21

Health: 0/22       AC:  1    Str: 10    XL:     5   Next: 96%
Magic:  6/6        EV: 21    Int: 19    God:
Gold:   210        SH:  0    Dex: 16    Spells: 4/4 levels left
                                        Lives:  0   Deaths: 2

rFire   . .          .
                       - Unarmed
rCold   . . .        (shield unavailable)
rNeg    . . .        (body armour unavailable)
rPois   .            (helmet unavailable)
rElec   .            (cloak unavailable)
rCorr   .            (gloves unavailable)
SInv    +            (boots unavailable)
Will    .....        (no amulet)
Stlth   ++           e - +6 ring of intelligence
HPRegen 0.23/turn    (no ring)
MPRegen 0.10/turn

%: no passive effects
@: quick
A: very small, claws 1, fangs 3, see invisible, speed 1, shaggy fur 1, stealthy
paws, no weapons or thrown items, no armour, multi-lived
a: no special abilities


You were on level 5 of the Dungeon.
You visited 1 branch of the dungeon, and saw 5 of its levels.

You collected 210 gold pieces.

Inventory:

Jewellery
 e - a +6 ring of intelligence (left paw)
 r - an amulet of faith
Talismans
 f - a flux talisman
Wands
 b - a wand of charming (15)
Scrolls
 j - 2 scrolls of teleportation {unknown}
 k - 2 scrolls of enchant armour {unknown}
 m - 2 scrolls of blinking {unknown}
 o - a scroll of fog {unknown}
 q - a scroll of poison {unknown}
 s - a scroll of enchant weapon {unknown}
Potions
 d - 4 potions of curing
 g - 3 potions of lignification {unknown}
 h - a potion of heal wounds {unknown}
 i - 2 potions of degeneration {unknown}
 l - 2 potions of attraction {unknown}
 n - a potion of cancellation {unknown}
 p - a potion of magic {unknown}
 t - a potion of ambrosia {unknown}
 u - a potion of mutation {unknown}


   Skills:
 - Level 2.0 Fighting
 * Level 6.9 Dodging
 - Level 2.0 Stealth
 - Level 2.0 Unarmed Combat
 - Level 4.0 Evocations


You had 4 spell levels left.
You didn't know any spells.
Your spell library contained the following spells:

 Spells                   Type           Power      Damage    Failure   Level
 Necrotise                Necr           0%         1d4       21%         1
 Vampiric Draining        Necr           0%         2d6       52%         3
 Agony                    Necr           0%         N/A       99%         5


Dungeon Overview and Level Annotations

Branches:
Dungeon (5/15)
 Temple: D:4-7

Altars:
Nemelex Xobeh
Zin

Shops:
D:4 ?

Annotations:
D:3 3 runed translucent doors, javelincjr's ghost, amateur DrSh
D:5 Pikel


Innate Abilities, Weirdness & Mutations

You have sharp claws.
You have razor-sharp teeth.
You have supernaturally acute eyesight. (SInv)
You cover ground quickly. (Speed+)
You are covered in fur. (AC +1)
Your paws help you pounce on unaware monsters.
You are incapable of wielding weapons or throwing items.
You cannot wear armour.
You gain extra lives every three experience levels.


Message History

You scratch Pikel but do no damage.
Pikel is severely wounded.
Pikel hits you with a +0 whip of freezing.
Pikel freezes you.
You barely miss Pikel. You bite Pikel, but do no damage.
Pikel is severely wounded.
Pikel hits you with a +0 whip of freezing!
Pikel freezes you.
You scratch Pikel.
Pikel is severely wounded.
You scratch Pikel. You bite Pikel, but do no damage.
Pikel is almost dead.
Pikel hits you with a +0 whip of freezing!
* * * LOW HITPOINT WARNING * * *
Pikel freezes you.
* * * LOW HITPOINT WARNING * * *
You barely miss Pikel.
Pikel is almost dead.
Pikel hits you with a +0 whip of freezing!
Ouch! That really hurt!
You die...
Pikel freezes you. The lemure closely misses you.
You rejoin the land of the living...
Pikel is nearby!
You barely miss Pikel.
Pikel is severely wounded.
Pikel barely misses you.
You scratch Pikel but do no damage.
Pikel is severely wounded.
Pikel completely misses you.
You barely miss Pikel.
Pikel is severely wounded.
Pikel hits you with a +0 whip of freezing!
Pikel freezes you.
You scratch Pikel.
Pikel is almost dead.
Pikel hits you with a +0 whip of freezing!
Ouch! That really hurt!
You die...
Pikel says, "See you in Hell!"

..# #.##.#..# #...# #.# ..#.
#.##.#..####.###### #.# ....
#.##.#.............. #.#
..####.##.#.............. #.#
#.................##########.####
#.####.##†#)<###..# #...†....#..
#. #.##K5.## #..####.########.#
#' #.##.#.# #K.#.....# #.# S5
#.##5#.# #@.#.##..# #.# ..
|....#.# #..#.##..# #.# ..
#.#..#.# #..#.##..# #.# ..
#.#..#.# #..#.##..# #.# #..#.#
#........#######.# #.##.#
##.#.###.........#
#.#.############# #.#.#......<# #
#.#.##.###### #


You could see Pikel.

Vanquished Creatures
  A scorpion (D:4)
  A hound (D:5)
  6 gnolls
  4 adders
  2 worms (D:4)
  2 orcs (D:3)
  9 bats
  5 endoplasms
  4 giant cockroaches
  4 goblins
  7 hobgoblins
  7 kobolds
  5 quokkas
  10 ball pythons
  A frilled lizard (D:1)
  A rat (D:3)
69 creatures vanquished.

Notes
Turn   | Place    | Note
-------+----------+-------------------------------------------
     0 | D:1      | avis the Felid Artificer began the quest for the Orb.
     0 | D:1      | Reached XP level 1. HP: 9/9 MP: 2/2
   172 | D:1      | Reached skill level 4 in Dodging
   181 | D:1      | Reached XP level 2. HP: 12/12 MP: 3/3
   854 | D:1      | Reached XP level 3. HP: 12/16 MP: 4/4
  1064 | D:2      | Slain by a gnoll
  1081 | D:2      | Reached skill level 5 in Dodging
  1149 | D:2      | Reached skill level 1 in Unarmed Combat
  1407 | D:2      | Reached XP level 4. HP: 19/19 MP: 5/5
  2308 | D:3      | Found a runed translucent gate.
  2308 | D:3      | Found a runed translucent gate.
  2308 | D:3      | Found a runed translucent gate.
  2309 | D:3      | Noticed javelincjr's ghost (amateur DrSh)
  2309 | D:3      | Noticed a kobold brigand
  2749 | D:4      | Noticed a scorpion
  2759 | D:4      | Killed a scorpion
  2760 | D:4      | Reached skill level 6 in Dodging
  2760 | D:4      | Reached XP level 5. HP: 12/22 MP: 6/6
  3079 | D:4      | Found a glowing silver altar of Zin.
  3225 | D:4      | Found Qyhatip's Magic Scroll Emporium.
  3536 | D:4      | Found a sparkling altar of Nemelex Xobeh.
  3894 | D:5      | Entered Level 5 of the Dungeon
  3927 | D:5      | Noticed Pikel
  3927 | D:5      | Noticed a lemure
  3928 | D:5      | Noticed a lemure
  3928 | D:5      | Noticed a lemure
  4077 | D:5      | Noticed a lemure
  4253 | D:5      | Mangled by Pikel
  4269 | D:5      | Slain by Pikel

Illustrated notes

Levels and vault maps discovered:
D:1:      shiori_arrival_oz, layout_loops_cross
D:2:      layout_basic, minivault_24, serial_park_tiny_pond
D:3:      layout_basic, gammafunk_ghost_nasty_kobolds
D:4:      layout_loops_corners, zin_statuary,
          mainiacjoe_overflow_small_starburst, serial_shops, nicolae_shop_trees
D:5:      layout_basic, uniq_pikel

Skill      XL: |  1  2  3  4  5 |
---------------+----------------+-----
Dodging        | 4 5 6 |  6.9
Fighting       | 2 |  2.0
Unarmed Combat | 1 2 |  2.0
Evocations     | 4 |  4.0
Stealth        | 2 |  2.0

Action                     |  1- 3 |  4- 6 || total
---------------------------+-------+-------++-------
  Melee: Unarmed           |   161 |   139 ||   300
         Bite              |    18 |     7 ||    25
         Punch             |     2 |     4 ||     6
  Evoke: Wand              |     4 |    16 ||    20
    Use: Potion            |       |     1 ||     1
   Stab: Sleeping          |     3 |     4 ||     7
 Armour: Skin              |    50 |    26 ||    76
  Dodge: Dodged            |   145 |   102 ||   247

Table legend: (Time is in decaauts)
 A = Elapsed time spent in this place.
 B = Non-inter-level travel time spent in this place.
 C = Inter-level travel time spent in this place.
 D = Time resting spent in this place.
 E = Time spent auto-exploring this place.
 F = Levels seen in this place.
 G = Mean time per level.
                   A        B        C        D        E       F      G
               +--------+--------+--------+--------+--------+-----+--------+
         Total |   3597 |   3293 |    304 |    375 |   1886 |   5 |  719.4 |
       Dungeon |   3597 |   3293 |    304 |    375 |   1886 |   5 |  719.4 |
               +--------+--------+--------+--------+--------+-----+--------+

Top non-repeatable levels by time:
     D:4: 915 daAuts
     D:1: 866 daAuts
     D:3: 842 daAuts
     D:2: 737 daAuts
     D:5: 236 daAuts
